 Dungeon Crawl Stone Soup version 0.21-a0-437-ge5bf024 (webtiles) character file.

172 slep the Bolt Thrower (level 5, 0/45 HPs)
             Began as a Minotaur Hunter on Nov 10, 2017.
             Slain by a river rat (9 damage)
             ... on level 3 of the Dungeon.
             The game lasted 00:14:17 (1885 turns).

slep the Bolt Thrower (Minotaur Hunter)             Turns: 1885, Time: 00:14:18

Health: 0/45       AC:  3    Str: 17    XL:     5   Next: 27%
Magic:  4/4        EV: 11    Int:  8    God:
Gold:   109        SH:  3    Dex: 11    Spells: 4/4 levels left

rFire    . . .     SeeInvis .   b - +0 short sword
rCold    . . .     Gourm    .   o - +0 buckler
rNeg     . . .     Faith    .   c - +0 leather armour
rPois    .         Spirit   .   (helmet restricted)
rElec    .         Reflect  .   (no cloak)
rCorr    +         Harm     .   (no gloves)
MR       .....                  (no boots)
Stlth    +.........             (no amulet)
HPRegen  0.15/turn              e - ring of resist corrosion
MPRegen  0.09/turn              (no ring)

@: lethally poisoned (0 -> -1)
A: retaliatory headbutt, horns 2
a: no special abilities


You were on level 3 of the Dungeon.
You were not hungry.

You visited 1 branch of the dungeon, and saw 3 of its levels.

You collected 109 gold pieces.

Inventory:

Hand Weapons
 a - a +1 hand crossbow
 b - a +0 short sword (weapon)
Missiles
 q - 13 bolts
Armour
 c - a +0 leather armour (worn)
 o - a +0 buckler (worn)
Jewellery
 e - a ring of resist corrosion (left hand)
Wands
 p - a wand of flame (16/48)
Scrolls
 d - a scroll of enchant weapon {unknown}
 g - a scroll of enchant armour {unknown}
 h - 2 scrolls of identify {unknown}
 i - a scroll of noise {unknown}
 j - 3 scrolls of teleportation {unknown}
 k - a scroll of remove curse {unknown}
 m - a scroll of magic mapping {unknown}
 r - a scroll of amnesia {unknown}
Potions
 l - a potion of curing {unknown}
 n - a potion of agility {unknown}
Comestibles
 f - 4 bread rations
 s - a royal jelly


   Skills:
 + Level 3.3 Fighting
 + Level 1.7 Short Blades
 + Level 5.9 Crossbows
 + Level 1.6 Armour
 + Level 3.0 Dodging
 + Level 0.9 Stealth


You had 4 spell levels left.
You didn't know any spells.

Dungeon Overview and Level Annotations

Branches:
Dungeon (3/15)

Altars:
Kikubaaqudgha

Portals:
Sewer: D:3


Innate Abilities, Weirdness & Mutations

You reflexively headbutt those who attack you in melee.
You have a pair of horns on your head.


Message History

The river rat completely misses you.
You closely miss the river rat.
The river rat is heavily wounded.
You hear the quick rusting of a drain.
The river rat closely misses you. You furiously retaliate!
You headbutt the river rat. The river rat bites you.
* * * LOW HITPOINT WARNING * * *
You hit the river rat.
The river rat is severely wounded.
The river rat bites you.
* * * LOW HITPOINT WARNING * * *
The river rat bites you but does no damage.
You hit the river rat but do no damage. Your headbutt misses the river rat.
The river rat is severely wounded.
You feel sick. The river rat barely misses you.
The river rat closely misses you.
You barely miss the river rat.
The river rat is severely wounded.
The river rat bites you!
You die...

###############
#.............#
#.....r@.....%.
#..####r#......# #..(...
#..#≈≈≈≈#......# #......
#..#≈≈≈≈#.#....# #......
#..#≈≈∩≈#.#....###......
#..#≈≈≈≈#.#.............
#..#≈≈≈≈#.#..........# #
#..######.#..........###
#.........'..>.......†.'


You could see 2 river rats.

Vanquished Creatures
  A crimson imp (D:3)
  5 adders
  2 oozes
  4 worms
  2 dart slugs (D:1)
  2 leopard geckos (D:1)
  3 ball pythons
  8 bats
  3 giant cockroaches
  8 goblins
  7 hobgoblins
  4 jackals (D:3)
  3 kobolds
  2 quokkas (D:2)
  5 frilled lizards
  12 rats
71 creatures vanquished.

Notes
Turn   | Place    | Note
-------+----------+-------------------------------------------
     0 | D:1      | slep the Minotaur Hunter began the quest for the Orb.
     0 | D:1      | Reached XP level 1. HP: 18/18 MP: 0/0
   253 | D:1      | Reached XP level 2. HP: 21/25 MP: 1/1
   536 | D:1      | Reached skill level 5 in Crossbows
   630 | D:1      | Reached XP level 3. HP: 18/30 MP: 2/2
   928 | D:2      | Reached skill level 1 in Armour
  1114 | D:2      | Reached XP level 4. HP: 22/37 MP: 3/3
  1142 | D:2      | Found an ancient bone altar of Kikubaaqudgha.
  1329 | D:2      | You fall through a shaft!
  1346 | D:3      | Reached skill level 1 in Short Blades
  1346 | D:3      | Reached XP level 5. HP: 29/45 MP: 4/4
  1837 | D:3      | Found a glowing drain.
  1885 | D:3      | Slain by a river rat

Vault maps used:
D:1:      sevenhm_arrival_forest_fort_small_4, serial_curves, eino_curves_01,
          eino_curves_03, eino_curves_04, eino_curves_04
D:2:      kiku_gazebo_garden_becter
D:3:      portal_sewer_entry_c, first_bread

Skill      XL: |  1  2  3  4  5 |
---------------+----------------+-----
Crossbows      | 5 |  5.9
Armour         | 1 |  1.6
Fighting       | 3 |  3.3
Short Blades   | 1 |  1.7
Dodging        | 3 |  3.0
Stealth        | |  0.9

Action                   |  1- 3 |  4- 6 || total
-------------------------+-------+-------++-------
Melee: Hand crossbow     |    33 |       ||    33
       Headbutt          |    16 |    15 ||    31
       Short sword       |    51 |    90 ||   141
 Fire: Hand crossbow     |    51 |     7 ||    58
  Eat: Chunk             |     1 |     2 ||     3
Armor: Leather armour    |    22 |    18 ||    40
Dodge: Dodged            |    74 |    42 ||   116
Block: Buckler           |     2 |    11 ||    13

Table legend:
 A = Spawn XP
 B = Non-spawn XP
 C = Spawn XP percentage of total XP
 D = Spawn monster count
 E = Non-spawn monster count
 F = Spawn count percentage of total count
 G = Total turns spent on level
                    A         B        C        D         E        F      G
               +---------+---------+-------+---------+---------+-------+---------
         Total |       0 |     247 |   0.0 |       0 |      71 |   0.0 |  1885
               +---------+---------+-------+---------+---------+-------+---------
           D:1 |       0 |      55 |   0.0 |       0 |      30 |   0.0 |   873
           D:2 |       0 |      94 |   0.0 |       0 |      26 |   0.0 |   456
           D:3 |       0 |      98 |   0.0 |       0 |      15 |   0.0 |   556
               +---------+---------+-------+---------+---------+-------+---------
